 Dungeon Sprint DCSS version 0.30.1-9-gdf580d7c3d (webtiles) character file.

Game seed: 12597385346936779360

23548 Heoruswealwe the Minotaur Porcupine (level 12, -3/199 HPs)
             Began as a Minotaur Fighter on Oct 2, 2023.
             Was an Initiate of Gozag.
             Slain by a spriggan berserker
             ... wielding a +0 war axe
              (12 damage)
             ... in the Dungeon (Sprint IX: "|||||||||||||||||||||||||||||").
             The game lasted 00:26:20 (2520 turns).

Heoruswealwe the Minotaur Porcupine (MiFi)          Turns: 2520, Time: 00:26:21

Health: -3/199     AC: 28    Str: 29    XL:     12   Next: 72%
Magic:  11/11      EV:  9    Int:  5    God:    Gozag
Gold:   1304       SH:  0    Dex: 10    Spells: 11/11 levels left

rFire   + . .        b - +2 halberd (flame)
rCold   + . .        (shield currently unavailable)
rNeg    . . .        c - +2 plate armour {rF+}
rPois   +            g - +2 hat
rElec   .            h - +1 cloak {rPois}
rCorr   .            f - +0 pair of gloves
SInv    .            (no boots)
Will    .....        (no amulet) Stlth
                     k - +3 ring of strength
HPRegen 0.53/turn    j - ring of protection from cold
MPRegen 0.12/turn

%: no teleportation
@: berserking, gold aura, very quick
A: horns 2, retaliatory headbutt
a: Renounce Religion, Potion Petition, Call Merchant, Bribe Branch


You were in the Dungeon.
You worshipped Gozag.
Gozag was most pleased with you.
You visited 1 branch You collected 9338 gold pieces.
You spent 2746 gold pieces at shops.
You paid 5288 gold pieces to Gozag.

Inventory:

Hand Weapons
 a - a +2 vampiric trident
 b - a +2 halberd of flaming (weapon)
Armour
 c - a +2 plate armour of fire resistance (worn)
 d - a +1 buckler of reflection
 f - a +0 pair of gloves (worn)
 g - a +2 hat (worn)
 h - a +1 cloak of poison resistance (worn)
Jewellery
 j - a ring of protection from cold (right hand)
 k - a +3 ring of strength (left hand)
Wands
 l - a wand of roots (13)
 r - a wand of mindburst (15)
 s - a wand of quicksilver (4)
 z - a wand of paralysis (5)
Scrolls
 m - 6 scrolls of identify
 q - 3 scrolls of enchant armour
 t - 5 scrolls of enchant weapon
 v - a scroll of silence
 y - a scroll of brand weapon
 A - 5 scrolls of blinking
Potions
 i - 3 potions of berserk rage
 n - 3 potions of might
 u - 4 potions of haste
 x - a potion of mutation
 B - 2 potions of resistance
Miscellaneous
 o - a piece from Xom's chessboard (15/15)
 p - a lightning rod (4/4)
 w - a phantom mirror


   Skills:
 + Level 20.2 Fighting
 O Level 27 Polearms
 + Level 20.2 Armour
 - Level 3.6 Shields


You had 11 spell levels left.
You didn't know any spells.
Your spell library was empty.

Dungeon Overview and Level Annotations

Branches:
Dungeon (1/1)

Altars:
Cheibriados
Dithmenos
Elyvilon
Fedhas
Gozag
Hepliaklqana
Kikubaaqudgha
Makhleb
Nemelex Xobeh
Okawaru
Qazlal
Ru
Sif Muna
Trog
Uskayaw
Vehumet
Wu Jian
Xom
Yredelemnul
Zin
The Shining One
Jiyva
Lugonu

Shops:
D *((*(!?(?


Innate Abilities, Weirdness & Mutations

You have a pair of horns on your head.
You reflexively headbutt those who attack you in melee.


Message History

You feel better.
The deep troll shaman is no longer distracted by gold.
The purple very ugly thing barely misses you.
You feel better.
The red ugly thing is no longer distracted by gold.
The purple very ugly thing claws you but does no damage.
You puncture the purple very ugly thing!
You burn the purple very ugly thing.
You headbutt the purple very ugly thing!
The purple very ugly thing is almost dead.
The spriggan berserker rages. x2
The purple very ugly thing claws you!
* * * LOW HITPOINT WARNING * * *
You closely miss the purple very ugly thing.
You headbutt the purple very ugly thing.
You kill the purple very ugly thing!
The spriggan berserker misses you. You furiously retaliate!
You headbutt the spriggan berserker.
You have mastered Polearms!
A red film seems to cover your vision as you go berserk!
You feel yourself moving faster!
You feel mighty!
The spriggan berserker hits you with a +0 war axe.
* * * LOW HITPOINT WARNING * * *
You closely miss the spriggan berserker.
Your headbutt misses the spriggan berserker.
The spriggan berserker is lightly wounded.
The spriggan berserker hits you with a +0 war axe!!
* * * LOW HITPOINT WARNING * * *
Unknown command.
You slice the spriggan berserker!! You burn the spriggan berserker.
The spriggan berserker is heavily wounded.
The spriggan berserker hits you but does no damage.
You slice the spriggan berserker!! You burn the spriggan berserker!
Your headbutt misses the spriggan berserker.
The spriggan berserker is almost dead.
You barely miss the spriggan berserker.
The spriggan berserker is almost dead.
The spriggan berserker hits you with a +0 war axe!
You die...
Your body crumbles into a pile of gold.

▓)▓.▓.▓.▓.▓.▓,*,*,*,*,*,*,*,*,
▓.▓.▓(▓.▓∩▓.▓.▓,*,*,*,*,*,*,*,
▓'▓.▓[▓.▓.▓.▓.▓,*,*,*,*,*,*,*,
▓.▓.▓.▓.▓∩▓.▓u▓,*,*,*,*,*,*,*,
▓.▓.▓.▓.▓.▓.▓Q▓,*,*,*,*,*,*,*+
▓.▓.▓.▓.▓∩▓.▓D▓,*,*,*,*,*,*,*,
▓[▓.▓.▓.▓.▓.▓T▓,*,*,*,*,*,*,*,
▓=▓.▓.▓.▓∩▓.▓i▓,*,*,*,*,*,*,*,
▓.▓.▓.▓.▓.▓)▓@▓,*+*,*,*,*,*,*,
▓)▓.▓.▓.▓.▓.▓$▓,*,*,*,*,*,*,*,
▓?▓.▓.▓.▓.▓.▓.▓,*,*,*,*,*,*,*,
▓!▓.▓.▓.▓[▓.▓$▓,*,*,*,*,*,*,*,
▓'▓.▓'▓.▓)▓.▓.▓,*,*,*,*,*,*,*,
▓_▓.▓.▓.▓)▓.▓.▓,*,*,*,*,*,*,*,
▓_▓.▓.▓.▓.▓.▓.▓,*,*,*,*,*,*,*,
▓_▓.▓.▓.▓.▓.▓?▓,*,*,*,*,*,*,*,
▓_▓.▓.▓.▓[▓.▓?▓,*,*,*,*,*,*,*,


You could see a fire dragon, a red ugly thing, a tengu warrior, a spriggan
berserker (berserk) and a deep troll shaman.

Vanquished Creatures
  Gastronok (D)
  A very ugly thing (D)
  2 dire elephants (D)
  A hydra (D)
  3 ogre magi (D)
  A death knight (D)
  A centaur warrior (D)
  A death yak (D)
  5 two-headed ogres (D)
  A tengu warrior (D)
  An orc high priest (D)
  Sonja (D)
  2 orc knights (D)
  A deep elf pyromancer (D)
  An orc sorcerer (D)
  An ugly thing (D)
  Maurice (D)
  7 elephants (D)
  4 cane toads (D)
  A rime drake (D)
  A tengu conjurer (D)
  2 komodo dragons (D)
  2 efreet (D)
  A troll (D)
  A blink frog (D)
  A slime creature (D)
  2 shadows (D)
  3 basilisks (D)
  A yak (D)
  A wraith (D)
  Grum (D)
  A vampire mosquito (D)
  4 water moccasins (D)
  A black bear (D)
  9 orc warriors (D)
  6 ogres (D)
  3 wolves (D)
  2 centaurs (D)
  A phantom (D)
  2 bullfrogs (D)
  A hound (D)
  2 orc priests (D)
  4 orc wizards (D)
  A gnoll (D)
  7 orcs (D)
  A ball python (D)
  A giant cockroach (D)
  A kobold (D)
  2 bats (D)
102 creatures vanquished.

Notes
Turn   | Place    | Note
-------+----------+-------------------------------------------
     0 | D        | Heoruswealwe the Minotaur Fighter began the quest for the
                  | Orb.
     0 | D        | Reached XP level 1. HP: 19/19 MP: 0/0
    10 | D        | Reached skill level 3 in Polearms
    22 | D        | Noticed a hound
    22 | D        | Noticed a black bear
    22 | D        | Noticed an ogre
    22 | D        | Noticed a phantom
    36 | D        | Killed a phantom
    37 | D        | Reached skill level 7 in Polearms
    37 | D        | Reached XP level 2. HP: 27/30 MP: 1/1
    37 | D        | Reached XP level 3. HP: 33/37 MP: 2/2
    37 | D        | Reached XP level 4. HP: 40/44 MP: 3/3
    40 | D        | Killed an ogre
    41 | D        | Reached skill level 9 in Polearms
    41 | D        | Reached XP level 5. HP: 34/52 MP: 4/4
    45 | D        | Killed a black bear
    46 | D        | Reached skill level 10 in Polearms
    49 | D        | Reached skill level 11 in Polearms
    49 | D        | Reached XP level 6. HP: 43/62 MP: 5/5
    58 | D        | Found a snail-covered altar of Cheibriados.
    58 | D        | Found a shadowy altar of Dithmenos.
    58 | D        | Found a white marble altar of Elyvilon.
    58 | D        | Found a blossoming altar of Fedhas.
    58 | D        | Found an opulent altar of Gozag.
    59 | D        | Found a hazy altar of Hepliaklqana.
    60 | D        | Found a viscous altar of Jiyva.
    61 | D        | Found an ancient bone altar of Kikubaaqudgha.
    62 | D        | Found a corrupted altar of Lugonu.
    63 | D        | Found a burning altar of Makhleb.
    64 | D        | Found a sparkling altar of Nemelex Xobeh.
    65 | D        | Found an iron altar of Okawaru.
    66 | D        | Became a worshipper of Gozag Ym Sagoz the Greedy
    67 | D        | Found a stormy altar of Qazlal.
    68 | D        | Found a sacrificial altar of Ru.
    69 | D        | Found a shimmering blue altar of Sif Muna.
    70 | D        | Found a bloodstained altar of Trog.
    71 | D        | Found a hide-covered altar of Uskayaw.
    72 | D        | Found a radiant altar of Vehumet.
    73 | D        | Found an ornate altar of the Wu Jian Council.
    74 | D        | Found a shimmering altar of Xom.
    75 | D        | Found a basalt altar of Yredelemnul.
    76 | D        | Found a glowing silver altar of Zin.
    77 | D        | Found a glowing golden altar of the Shining One.
   142 | D        | Noticed a vampire mosquito
   142 | D        | Noticed a yak
   142 | D        | Noticed an orc warrior
   142 | D        | Noticed a shadow
   142 | D        | Noticed a wraith
   149 | D        | Killed a wraith
   150 | D        | Reached skill level 12 in Polearms
   150 | D        | Killed a shadow
   151 | D        | Reached XP level 7. HP: 41/71 MP: 6/6
   155 | D        | Reached skill level 10 in Fighting
   155 | D        | Reached skill level 13 in Polearms
   155 | D        | Reached skill level 10 in Armour
   161 | D        | Killed a yak
   162 | D        | Reached skill level 14 in Polearms
   164 | D        | Killed a vampire mosquito
   311 | D        | Noticed a tengu conjurer
   311 | D        | Noticed a shadow
   311 | D        | Noticed a slime creature
   311 | D        | Noticed an efreet
   311 | D        | Noticed a troll
   313 | D        | Killed a troll
   314 | D        | Reached skill level 15 in Polearms
   314 | D        | Reached XP level 8. HP: 68/82 MP: 7/7
   318 | D        | Killed an efreet
   321 | D        | Killed a slime creature
   326 | D        | Reached skill level 16 in Polearms
   340 | D        | Killed a tengu conjurer
   341 | D        | Reached XP level 9. HP: 40/92 MP: 8/8
   592 | D        | Noticed a cane toad
   592 | D        | Noticed a death yak
   592 | D        | Noticed a komodo dragon
   597 | D        | Noticed a cane toad
   608 | D        | Killed a death yak
   609 | D        | Reached skill level 17 in Polearms
   612 | D        | Killed a komodo dragon
   613 | D        | Reached skill level 18 in Polearms
   627 | D        | Noticed an elephant
   639 | D        | Killed a cane toad
   642 | D        | Killed a cane toad
   643 | D        | Reached skill level 19 in Polearms
   658 | D        | Killed an elephant
   659 | D        | Reached XP level 10. HP: 73/104 MP: 9/9
   743 | D        | Noticed a cane toad
   749 | D        | Noticed a cane toad
   751 | D        | Reached skill level 20 in Polearms
   757 | D        | Reached skill level 15 in Fighting
   757 | D        | Reached skill level 15 in Armour
   772 | D        | Killed a cane toad
   774 | D        | Killed a cane toad
   903 | D        | Noticed an elephant
   903 | D        | Noticed an elephant
   903 | D        | Noticed an elephant
   903 | D        | Noticed a dire elephant
   903 | D        | Noticed an elephant
   903 | D        | Noticed a dire elephant
   908 | D        | Killed a dire elephant
   909 | D        | Reached skill level 21 in Polearms
   909 | D        | Noticed an elephant
   917 | D        | Killed a dire elephant
   921 | D        | Killed an elephant
   928 | D        | Killed an elephant
   929 | D        | Reached XP level 11. HP: 49/115 MP: 10/10
   933 | D        | Reached skill level 22 in Polearms
  1189 | D        | Noticed Sonja
  1208 | D        | Killed Sonja
  1493 | D        | Noticed Maurice
  1495 | D        | Noticed Gastronok
  1505 | D        | Killed Maurice
  1511 | D        | Killed Gastronok
  1512 | D        | Reached skill level 23 in Polearms
  1693 | D        | Noticed an orc high priest
  1693 | D        | Noticed an orc knight
  1700 | D        | Killed an orc knight
  1710 | D        | Noticed an orc sorcerer
  1714 | D        | Noticed an orc knight
  1725 | D        | Killed an orc high priest
  1737 | D        | Killed an orc sorcerer
  1738 | D        | Reached skill level 24 in Polearms
  1741 | D        | Killed an orc knight
  2026 | D        | Found Vibluaro's Magic Scroll Boutique.
  2026 | D        | Noticed a two-headed ogre
  2026 | D        | Noticed a two-headed ogre
  2026 | D        | Noticed an ogre mage
  2026 | D        | Noticed a two-headed ogre
  2026 | D        | Noticed a two-headed ogre
  2029 | D        | Killed a two-headed ogre
  2034 | D        | Killed an ogre mage
  2039 | D        | Killed a two-headed ogre
  2040 | D        | Reached XP level 12. HP: 128/128 MP: 11/11
  2040 | D        | Killed a two-headed ogre
  2041 | D        | Reached skill level 25 in Polearms
  2043 | D        | Killed a two-headed ogre
  2046 | D        | Found Ireamp's Antique Weapon Shop.
  2049 | D        | Found Biramo's Magic Scroll Boutique.
  2050 | D        | Noticed an ogre mage
  2066 | D        | Killed an ogre mage
  2081 | D        | Noticed an ogre mage
  2082 | D        | Found Duokofihe's Distillery.
  2100 | D        | Killed an ogre mage
  2113 | D        | Noticed a two-headed ogre
  2130 | D        | Killed a two-headed ogre
  2181 | D        | Bought a scroll of identify for 28 gold pieces
  2181 | D        | Bought a scroll of identify for 28 gold pieces
  2181 | D        | Bought a scroll of identify for 28 gold pieces
  2181 | D        | Bought a scroll of silence for 133 gold pieces
  2181 | D        | Bought a scroll of blinking for 105 gold pieces
  2181 | D        | Bought a scroll of enchant armour for 105 gold pieces
  2181 | D        | Bought a scroll of poison for 56 gold pieces
  2181 | D        | Bought a scroll of fear for 56 gold pieces
  2185 | D        | Bought a scroll of brand weapon for 104 gold pieces
  2185 | D        | Bought a scroll of magic mapping for 82 gold pieces
  2185 | D        | Bought a scroll of blinking for 82 gold pieces
  2208 | D        | Bought a potion of flight for 42 gold pieces
  2208 | D        | Bought a potion of haste for 140 gold pieces
  2208 | D        | Bought a potion of degeneration for 14 gold pieces
  2208 | D        | Bought a potion of mutation for 112 gold pieces
  2208 | D        | Bought a potion of attraction for 42 gold pieces
  2237 | D        | Bought a wand of roots (3) for 216 gold pieces
  2237 | D        | Bought an embroidered cloak for 225 gold pieces
  2288 | D        | Bought a lightning rod (4/4) for 420 gold pieces
  2288 | D        | Bought a phantom mirror for 560 gold pieces
  2288 | D        | Bought a wand of paralysis (5) for 168 gold pieces
  2309 | D        | Noticed Grum
  2318 | D        | Killed Grum
  2468 | D        | Noticed a tengu warrior
  2468 | D        | Noticed a death knight
  2471 | D        | Reached skill level 26 in Polearms
  2471 | D        | Noticed a centaur warrior
  2472 | D        | Noticed a seven-headed hydra
  2481 | D        | Noticed a purple very ugly thing
  2483 | D        | Killed a death knight
  2488 | D        | Noticed a deep troll shaman
  2494 | D        | Killed a tengu warrior
  2495 | D        | Noticed a fire dragon
  2497 | D        | Noticed a tengu warrior
  2500 | D        | Killed a centaur warrior
  2502 | D        | Killed a five-headed hydra
  2515 | D        | Killed a purple very ugly thing
  2516 | D        | Reached skill level 27 in Polearms
  2517 | D        | HP: 8/199 [spriggan berserker/+0 war axe (21)]
  2520 | D        | Slain by a spriggan berserker

Illustrated notes

Levels and vault maps discovered:
D:        linesprint [early_d, line_temple, items_1, d_10, items_2, lair_1,
          lair_end, items_3, orc_1, orc_end, items_4, d_15, swamp_1, shoals_1,
          snake_1, spider_1, d_20, vaults_1, items_5, swamp_end, shoals_end,
          snake_end, spider_end, vaults_end, d_27, items_6, zot_1, zot_end,
          crypt_end, forest_end, elf_end, slime_end, tomb_end, abyss_end,
          pan_hell_end]

Skill      XL: |  1  2  3  4  5  6  7  8  9 10 11 12 |
---------------+-------------------------------------+-----
Polearms       | 7 9 11 12 15 16 19 21 24 27 | 27.0
Fighting       | 6 7 8 9 11 12 14 16 18 20 | 20.2
Armour         | 6 7 8 9 11 12 14 16 18 20 | 20.2
Shields        | |  3.6

Action                     |  1- 3 |  4- 6 |  7- 9 | 10-12 || total
---------------------------+-------+-------+-------+-------++-------
  Melee: Trident           |    24 |    15 |       |       ||    39
         Headbutt          |     2 |     8 |    18 |    59 ||    87
         Halberd           |       |     8 |    84 |   258 ||   350
 Invoke: Call Merchant     |       |       |       |     5 ||     5
    Use: Potion            |     1 |       |       |     8 ||     9
         Scroll            |       |       |       |     2 ||     2
   Stab: Distracted        |       |       |       |     6 ||     6
 Armour: Scale mail        |    10 |     7 |       |       ||    17
         Plate armour      |       |     2 |    44 |    79 ||   125
  Dodge: Dodged            |     9 |    10 |    18 |    58 ||    95
  Block: Buckler           |     3 |     1 |       |       ||     4
